 Crawl Stoat Soup version 0.23-ish-327-95-g181beea39d (console) character file.

70 hilarita the Cudgeler (level 4, -2/45 HPs)
             Began as an Ogre Gladiator on Apr 14, 2024.
             Slain by an orc
             ... wielding a +0 hand axe
              (9 damage)
             ... on level 3 of the Dungeon.
             The game lasted 00:04:00 (2139 turns).

hilarita the Cudgeler (Ogre Gladiator)              Turns: 2139, Time: 00:04:01

Health: -2/45      AC:  4    Str: 19    XL:     4   Next: 22%
Magic:  4/4        EV: 10    Int:  9    God:
Gold:   85         SH:  0    Dex: 10    Spells: 3/3 levels left

rFire    . . .     SeeInvis .   a - +0 flail
rCold    . . .     Gourm    .   (no shield)
rNeg     . . .     Faith    .   b - +0 robe
rPois    .         Spirit   .   c - +1 hat
rElec    .         Warding  .   (no cloak)
rCorr    .         Reflect  .   (gloves unavailable)
MR       .....     Harm     .   (boots unavailable)
Stlth    +.........             (no amulet)
HPRegen  0.15/turn              (no ring)
MPRegen  0.09/turn              (no ring)

@: no status effects
A: large, unfitting armour, tough skin 1
a: no special abilities


You were on level 3 of the Dungeon.
You were very hungry.

You visited 1 branch of the dungeon, and saw 3 of its levels.

You collected 85 gold pieces.

Inventory:

Hand Weapons
 a - a +0 flail (weapon)
Missiles
 d - 3 throwing nets (quivered)
 e - 5 poisoned darts
Armour
 b - a +0 robe (worn)
 c - a +1 hat (worn)
Potions
 h - a potion of mutation {unknown}
 j - a potion of curing
Comestibles
 f - a bread ration


   Skills:
 + Level 3.4 Fighting
 * Level 4.3 Maces & Flails
 + Level 2.6 Throwing
 + Level 3.1 Dodging


You had 3 spell levels left.
You didn't know any spells.
Your spell library was empty.

Dungeon Overview and Level Annotations

Branches:
Dungeon (3/15)

Altars:
Makhleb
Vehumet


Innate Abilities, Weirdness & Mutations

You are too large for most types of armour.
You have tough skin. (AC +1)


Message History

You kill the orc!
The orc hits you with a hand axe.
You completely miss the orc. The orc barely misses you.
You barely miss the orc. The orc hits you with a hand axe.
You hit the orc.
The orc is heavily wounded.
The orc hits you with a hand axe.
Okay, then.
You closely miss the orc.
The orc is heavily wounded.
The orc closely misses you.
You closely miss the orc.
The orc is heavily wounded.
The orc hits you with a hand axe!
* * * LOW HITPOINT WARNING * * *
You are feeling very hungry.
You barely miss the orc.
The orc is heavily wounded.
The orc hits you with a hand axe!
You die...

# #. #.# #..#
#..### ... #<..#
# o... #@# .# #.
...)## #o##.#...
$.....###oo...$##
.........<......?
.........#..##..
..##.......##
###.##...# #..#
...... .....
......
...#.#......##
#..... ###.....


You could see 3 orcs.

Vanquished Creatures
  2 adders (D:2)
  An ooze (D:2)
  3 dart slugs (D:1)
  A leopard gecko (D:1)
  2 orcs (D:3)
  5 bats
  2 giant cockroaches (D:2)
  3 goblins (D:2)
  6 hobgoblins
  A ball python (D:1)
  2 frilled lizards
  6 kobolds
  6 rats
40 creatures vanquished.

Notes
Turn   | Place    | Note
-------+----------+-------------------------------------------
     0 | D:1      | hilarita the Ogre Gladiator began the quest for the Orb.
     0 | D:1      | Reached XP level 1. HP: 22/22 MP: 1/1
   313 | D:1      | Reached XP level 2. HP: 24/29 MP: 2/2
  1050 | D:1      | Reached XP level 3. HP: 37/37 MP: 3/3
  1404 | D:2      | Reached skill level 4 in Maces & Flails
  1983 | D:2      | Found a burning altar of Makhleb.
  1984 | D:2      | Found a radiant altar of Vehumet.
  2010 | D:2      | Reached XP level 4. HP: 33/45 MP: 4/4
  2139 | D:3      | Slain by an orc

Vault maps used:
D:1:      evilmike_arrival_hilbert_curve, minmay_box_of_dots
D:2:      gammafunk_temple_overflow_statue
D:3:      first_bread, grunt_ministairs_9

Skill      XL: |  1  2  3 |
---------------+----------+-----
Fighting       | 3 |  3.4
Maces & Flails | 4 |  4.3
Dodging        | 3 |  3.1
Throwing       | |  2.6

Action                   |  1- 3 |  4- 6 || total
-------------------------+-------+-------++-------
Melee: Flail             |   132 |    12 ||   144
  Use: Scroll            |     5 |       ||     5
  Eat: Chunk             |     3 |       ||     3
Armor: Robe              |    55 |     1 ||    56
Dodge: Dodged            |    89 |     6 ||    95

Table legend:
 A = Spawn XP
 B = Non-spawn XP
 C = Spawn XP percentage of total XP
 D = Spawn monster count
 E = Non-spawn monster count
 F = Spawn count percentage of total count
 G = Total turns spent on level
                    A         B        C        D         E        F      G
               +---------+---------+-------+---------+---------+-------+---------
         Total |      31 |      70 |  30.7 |      12 |      28 |  30.0 |  2139
               +---------+---------+-------+---------+---------+-------+---------
           D:1 |       8 |      26 |  23.5 |       5 |      14 |  26.3 |  1112
           D:2 |      23 |      38 |  37.7 |       7 |      12 |  36.8 |  1003
           D:3 |       0 |       6 |   0.0 |       0 |       2 |   0.0 |    24
               +---------+---------+-------+---------+---------+-------+---------
